 Dungeon Crawl Stone Soup version 0.18.1-8-gdd0e5ea (console) character file.

172511 Kloppie the Warrior (level 18, -4/156 HPs)
             Began as a Formicid Fighter on June 7, 2016.
             Was the Champion of Makhleb.
             Killed from afar by a thorn hunter (26 damage)
             ... with a volley of thorns
             ... on level 3 of the Swamp on June 8, 2016.
             The game lasted 01:19:05 (31654 turns).

Kloppie the Warrior (Formicid Fighter)             Turns: 31654, Time: 01:19:06

Health: -4/156     AC: 27    Str: 24    XL:     18   Next: 67%
Magic:  27/27      EV: 12    Int:  7    God:    Makhleb [******]
Gold:   1622       SH: 12    Dex: 18    Spells: 0 memorised, 17 levels left

rFire  . . .     SeeInvis +     a - +8 broad axe {drain, MR+ Stlth+}
rCold  + . .     Gourm    .     m - +1 plate armour {rC+}
rNeg   . . .     Faith    +     c - +0 shield
rPois  +         Spirit   .     (helmet unavailable)
rElec  .         Dismiss  .     U - +2 cloak {MR+}
rCorr  +         Reflect  .     K - +2 pair of gloves
SustAt .         Harm     .     h - +0 pair of boots
MR     +++..                    F - amulet of faith
Stlth  ..........               o - +3 ring of evasion
                                y - ring of resist corrosion

@: extremely resistant to hostile enchantments, extremely unstealthy
A: permanent stasis, dig shafts and tunnels, four strong arms, antennae 3, thin
skeletal structure 1, poison resistance
a: Dig, Shaft Self, Minor Destruction, Lesser Servant of Makhleb, Major
Destruction, Greater Servant of Makhleb, Renounce Religion


You were on level 3 of the Swamp.
You worshipped Makhleb.
Makhleb was exalted by your worship.
You were not hungry.

You visited 5 branches of the dungeon, and saw 31 of its levels.
You also visited: Labyrinth.

You collected 3513 gold pieces.
You spent 1891 gold pieces at shops.

Inventory:

Hand Weapons
 a - the +8 broad axe of Hoschedol (weapon) {drain, MR+ Stlth+}
   (You bought it in a shop on level 5 of the Dungeon)

   A truly terrible weapon, it drains the life of those it strikes.
   It affects your resistance to hostile enchantments.
   It makes you more stealthy.
 b - a +3 dire flail
 L - the +9 broad axe of the Depths {chop, rC+ MP+9 Int+6}
   (You acquired it on level 3 of the Lair of Beasts)

   It inflicts extra damage upon your enemies.
   It affects your intelligence (+6).
   It protects you from cold.
   It affects your magic capacity (+9).
Armour
 c - a +0 shield (worn)
 h - a +0 pair of boots (worn)
 m - a +1 plate armour of cold resistance (worn)
 K - a +2 pair of gloves (worn)
 U - a +2 cloak of magic resistance (worn)
 X - the +0 scale mail of the Scribe {rElec Int+4}
   (You bought it in a shop on level 2 of the Snake Pit)

   It affects your intelligence (+4).
   It insulates you from electricity.
Jewellery
 g - an uncursed ring of fire
 o - a +3 ring of evasion (right hand)
 w - an uncursed ring of flight
 y - a ring of resist corrosion (left hand)
 F - an amulet of faith (around neck)
 I - an uncursed ring of protection from cold
Wands
 e - a wand of confusion (9/48)
 i - a wand of digging (16/24)
 t - a wand of confusion (18/48)
 A - a wand of digging (13/24)
 H - a wand of slowing (21/48)
 N - a wand of disintegration (12/24)
 O - a wand of acid (10/15)
 T - a wand of heal wounds (4/9)
Scrolls
 d - 5 scrolls of identify
 j - 16 scrolls of remove curse
 r - 4 scrolls of fog
 u - 2 scrolls of magic mapping
 B - 2 scrolls of summoning
 V - 4 scrolls of enchant weapon
 Y - 2 scrolls of recharging
Potions
 q - 6 potions of curing
 s - a potion of brilliance
 v - 10 potions of lignification
 x - 2 potions of invisibility
 z - 2 potions of cancellation
 C - 4 potions of cure mutation
 D - a potion of flight
 G - 2 potions of might
 J - a potion of resistance
Books
 l - a Fen Folio

   Spells                             Type                      Level
   a - Corpse Rot                     Necromancy                   2
   b - Stone Arrow                    Conjuration/Earth            3
   c - Leda's Liquefaction            Hexes/Earth                  4
   d - Summon Forest                  Summoning/Translocation      5
   e - Hydra Form                     Transmutation                6
   f - Summon Hydra                   Summoning                    7
 M - a book of Ice

   Spells                             Type                      Level
   a - Ice Form                       Ice/Transmutation            4
   b - Metabolic Englaciation         Hexes/Ice                    5
   c - Ozocubu's Refrigeration        Ice                          6
   d - Bolt of Cold                   Conjuration/Ice              6
   e - Freezing Cloud                 Conjuration/Ice/Air          6
   f - Simulacrum                     Ice/Necromancy               6
 Q - a book of Alchemy

   Spells                             Type                      Level
   a - Sublimation of Blood           Necromancy                   2
   b - Ignite Poison                  Fire/Transmutation/Poison    3
   c - Petrify                        Transmutation/Earth          4
   d - Alistair's Intoxication        Transmutation/Poison         5
   e - Irradiate                      Conjuration/Transmutation    5
Miscellaneous
 P - a phial of floods
Comestibles
 f - 20 bread rations
 k - a slice of pizza
 n - 8 meat rations
 p - 5 beef jerkies


   Skills:
 - Level 17.7 Fighting
 + Level 17.5(17.6) Axes
 - Level 3.0(12.2) Maces & Flails
 - Level 15.6 Armour
 + Level 2.8 Dodging
 - Level 9.0 Shields
 - Level 12.3 Invocations
 - Level 6.9 Evocations


You had 17 spell levels left.
You didn't know any spells.

Dungeon Overview and Level Annotations

Branches:
Dungeon (15/15)            Temple (0/1) D:5            Lair (8/8) D:9
  Swamp (4/4) Lair:3        Snake (2/4) Lair:6        Slime (0/6) Lair:6
    Orc (2/2) D:11            Elf (0/3) Orc:2        Vaults (0/5) D:13
 Depths (0/5) D:15

Altars:
Ashenzari
Cheibriados
Dithmenos
Fedhas
Kikubaaqudgha
Makhleb
Nemelex Xobeh
Okawaru
Pakellas
Ru
Sif Muna
Trog
Vehumet
Xom
Yredelemnul
The Shining One
Beogh
Jiyva

Shops:
D:5 (   Orc:2 :%*%   Snake:2 ?[}(

Portals:
Trove: D:15 (give horn of Geryon)

Annotations:
D:4 SchabowyZaglady's ghost, amateur TrFi
D:5 exclusion: statue
Lair:3 exclusion: oklob plant


Innate Abilities, Weirdness & Mutations

You are under a permanent stasis effect.
You can dig through walls and to a lower floor.
Your four strong arms can wield two-handed weapons with a shield.
You have a pair of large antennae on your head (SInv).
You have a somewhat thin skeletal structure (Dex +2, Stealth).
Your system is resistant to poisons.


Message History

You assume a fearsome visage.
The thorn hunter is unaffected.
The eight-headed hydra looks frightened!
The seven-headed hydra looks frightened!
The thorn hunter hits you but does no damage. x2
The thorn hunter gestures.
Thorny briars emerge from the ground!
You slice the thorn hunter!!
The thorn hunter is heavily damaged.
You slash the thorn hunter!
The thorn hunter is heavily damaged.
The thorn hunter barely misses you.
The thorn hunter hits you but does no damage.
You slash the thorn hunter!
The thorn hunter is severely damaged.
You block the thorn hunter's attack. x2
You completely miss the thorn hunter.
The thorn hunter is severely damaged.
The thorn hunter fires a volley of thorns at you.
The volley of thorns hits you!
You die...

≈≈≈♣≈♣....♣♣..♣♣♣.≈≈....≈♣♣♣..≈.♣
♣≈..≈....≈♣♣..≈♣..♣♣.♣≈≈♣<♣♣..≈♣♣
≈≈♣♣.≈≈.≈.♣♣♣PP♣♣P♣P.≈§..♣♣♣...♣
♣♣♣♣..≈≈.♣♣ ♣PPPPPPP.♣≈≈≈≈♣..≈.♣
♣ ♣.≈≈≈≈♣ ♣D≈≈≈..♣...≈...≈≈≈.♣ ♣
♣≈≈≈≈♣♣ ♣.≈≈≈.♣♣♣♣♣♣(≈≈≈≈≈.♣ ♣
♣≈.≈.♣ ♣♣≈≈§.♣ ♣♣≈.≈≈..♣♣ ♣
♣.≈≈.♣ ♣.≈..♣ ♣≈≈...§.♣ ♣ ♣♣≈..≈♣
♣≈≈@♣♣ ♣♣.♣≈≈.§≈♣ ♣♣≈≈≈≈≈♣
♣..f.♣♣ ♣).§≈≈≈≈≈♣ ♣♣...≈≈.♣♣
♣♣.≈≈.♣♣♣♣♣.♣≈.≈≈≈.. ♣♣♣..≈.≈§♣♣
♣≈....♣.♣♣.≈≈≈≈..... .♣♣.♣♣≈≈≈≈♣
♣≈♣♣♣.D.≈.≈.....≈≈≈♣ ≈♣....≈.§♣♣
♣...♣♣.≈§≈≈≈≈≈≈...≈≈ ≈♣≈≈.≈≈..♣♣
♣♣.≈..≈...≈.≈♣≈≈.≈≈≈.
≈≈.≈≈.≈≈≈.♣♣♣≈≈≈♣.≈≈♣.♣≈≈≈≈≈.≈≈..
...≈≈♣≈.≈≈♣♣....≈≈≈≈≈.§≈.≈≈≈.≈≈..


You could see a thorn hunter, an eight-headed hydra (fleeing) and a seven-headed
hydra (fleeing).

Vanquished Creatures
  Gastronok (Lair:3)
  Agnes (Snake:1)
  Kirke (Swamp:2)
  A greater naga (Snake:2)
  Maud (Lair:4)
  Donald (Swamp:1)
  The ghost of jesusflecha the Cleaver, a journeyman HOFi of Okawaru (Lair:2)
  A minotaur (Lab)
  An ettin (Orc:1)
  4 vault guards (D:13)
  15 hydras
  8 naga warriors
  A catoblepas (Lair:8)
  An ice dragon (Lair:8)
  A ghost crab (Swamp:3)
  A death knight (D:15)
  5 centaur warriors
  9 alligators
  4 anacondas
  A tengu warrior (D:15)
  6 death yaks (Lair:8)
  The ghost of et2088 the Thaumaturge, a journeyman DECj of Vehumet (Lair:1)
  Nergalle (Lair:2)
  A vampire mage (D:15)
  3 naga sharpshooters
  3 skeletal warriors (D:15)
  7 naga ritualists
  3 swamp dragons
  6 hill giants
  A spriggan druid (Swamp:3)
  4 orc knights
  A necromancer (D:15)
  6 griffons
  A lindwurm (Lair:8)
  2 cyclopes (D:15)
  5 manticores
  6 salamanders
  2 hornets (Swamp:2)
  12 mana vipers
  17 naga magi
  33 black mambas
  2 guardian serpents (Snake:2)
  11 spiny frogs
  7 torpor snails
  23 elephants
  3 centaur skeletons
  4 gargoyles
  5 rime drakes
  3 freezing wraiths
  An efreet (D:14)
  12 komodo dragons
  A spriggan skeleton (D:15)
  A tengu conjurer (D:15)
  7 trolls
  The ghost of lepiPlod666 the Tainter, an amateur NaVM of Vehumet (D:6)
  2 two-headed ogres
  2 polar bears
  An ettin zombie (D:15)
  10 giant leeches
  6 bog bodies
  10 slime creatures
  10 blink frogs
  A fire dragon zombie (D:15)
  5 spriggans
  3 shadows
  5 wyverns
  A fire dragon skeleton (D:15)
  4 hogs (Swamp:2)
  7 basilisks
  86 yaks
  A wraith (D:15)
  7 hungry ghosts
  14 hippogriffs
  18 swamp worms
  3 mottled dragons
  2 wargs
  6 insubstantial wisps (Swamp:3)
  27 nagas
  18 water moccasins
  10 porcupines
  3 ice beasts
  38 orc warriors
  6 sky beasts
  A black bear (Lair:2)
  The ghost of Ery the Covered, an amateur MiFi (D:5)
  3 swamp drakes
  7 ogres
  4 phantoms
  8 wasps
  19 centaurs
  4 necrophages
  15 wolves
  18 crocodiles
  28 giant frogs
  2 big kobolds (D:9)
  A gnoll sergeant (Orc:2)
  A scorpion (D:13)
  A wyvern skeleton (D:9)
  11 killer bees
  8 wights (D:11)
  2 howler monkeys
  2 crimson imps
  6 centaur zombies
  3 giant frog zombies
  2 quasits
  3 jellies
  12 hounds
  15 orc priests
  19 orc wizards
  4 giant frog skeletons
  A gnoll shaman (D:5)
  3 iguanas
  Ijyb (D:3)
  Natasha (twice) (D:2)
  10 worker ants
  14 sheep
  A killer bee zombie (D:10)
  A hound zombie (D:11)
  Robin (D:2)
  14 gnolls
  A howler monkey skeleton (D:3)
  11 adders
  78 river rats
  17 worms
  An adder zombie (D:5)
  2 dart slugs
  2 giant geckos
  90 orcs
  A ball python (D:6)
  5 bat skeletons (D:5)
  4 giant cockroaches
  17 goblins
  6 hobgoblins
  18 jackals
  9 kobolds
  5 quokkas
  8 bats
  2 giant gecko skeletons
  A giant gecko zombie (D:9)
  7 giant newts
  A jackal zombie (D:8)
  20 rats
  7 fungi
  9 plants
1137 creatures vanquished.

Vanquished Creatures (collateral kills)
  Nikola (Snake:1)
  A naga warrior (Snake:1)
2 creatures vanquished.

Vanquished Creatures (others)
  A hydra (Swamp:3)
  A deep elf knight (D:5)
  17 fungi
  11 plants
30 creatures vanquished.

Grand Total: 1169 creatures vanquished

Notes
Turn   | Place    | Note
--------------------------------------------------------------
     0 | D:1      | Kloppie the Formicid Fighter began the quest for the Orb.
     0 | D:1      | Reached XP level 1. HP: 18/18 MP: 1/1
   103 | D:1      | Found a shattered altar of Ashenzari.
   128 | D:1      | Reached XP level 2. HP: 24/24 MP: 2/2
   406 | D:2      | Reached XP level 3. HP: 22/29 MP: 3/3
   425 | D:2      | HP: 1/29 [gnoll/flail (9)]
   435 | D:2      | HP: 1/30 [quokka (1)]
   745 | D:2      | Noticed Natasha
   753 | D:2      | Killed Natasha
   753 | D:2      | Reached XP level 4. HP: 5/37 MP: 4/4
  1111 | D:2      | Noticed Robin
  1332 | D:2      | Killed Robin
  1332 | D:2      | Reached XP level 5. HP: 38/42 MP: 5/5
  1333 | D:2      | Found a basalt altar of Yredelemnul.
  1402 | D:2      | Noticed Natasha
  1418 | D:2      | Killed Natasha
  2289 | D:3      | Reached skill level 5 in Shields
  2577 | D:3      | Found a burning altar of Makhleb.
  2586 | D:3      | Reached XP level 6. HP: 43/49 MP: 6/6
  2594 | D:3      | Became a worshipper of Makhleb the Destroyer
  2919 | D:3      | Noticed Ijyb
  2934 | D:3      | Killed Ijyb
  3373 | D:4      | Found a blossoming altar of Fedhas.
  3437 | D:4      | Noticed SchabowyZaglady's ghost (amateur TrFi)
  3590 | D:4      | Reached skill level 5 in Fighting
  3906 | D:4      | Found a glowing golden altar of the Shining One.
  4009 | D:4      | Reached * piety under Makhleb
  4078 | D:5      | Entered Level 5 of the Dungeon
  4205 | D:5      | Reached XP level 7. HP: 56/56 MP: 7/7
  4235 | D:5      | Found Sucup Leotze's Antique Weapon Emporium.
  4276 | D:5      | Bought a polished broad axe for 225 gold pieces
  4278 | D:5      | Identified the +3 broad axe "Lyfroeb" {venom, +Inv} (You bought it in a shop on level 5 of the Dungeon)
  4304 | D:5      | Found a radiant altar of Vehumet.
  4359 | D:5      | Found an ancient bone altar of Kikubaaqudgha.
  4544 | D:5      | Noticed Ery's ghost (amateur MiFi)
  4552 | D:5      | Killed Ery's ghost
  4722 | D:5      | Found a sacrificial altar of Ru.
  4776 | D:5      | Found an oddly glowing altar of Pakellas.
  4777 | D:5      | Noticed a deep elf knight
  4783 | D:5      | Killed a deep elf knight
  4848 | D:5      | Reached skill level 5 in Axes
  4954 | D:5      | Found a staircase to the Ecumenical Temple.
  5058 | D:6      | Noticed lepiPlod666's ghost (amateur NaVM)
  5077 | D:6      | Killed lepiPlod666's ghost
  5077 | D:6      | Reached XP level 8. HP: 28/65 MP: 8/8
  5333 | D:6      | Reached ** piety under Makhleb
  5844 | D:6      | Got a heavily runed golden ring
  5988 | D:6      | Identified the ring "Mizitabi" {+Blink rPois Int+4 Dex-5} (You found it on level 6 of the Dungeon)
  6502 | D:7      | Found a snail-covered altar of Cheibriados.
  6537 | D:7      | Found a shadowy altar of Dithmenos.
  6717 | D:7      | Reached XP level 9. HP: 72/72 MP: 9/9
  6879 | D:7      | Reached *** piety under Makhleb
  7289 | D:8      | Found a sparkling altar of Nemelex Xobeh.
  7580 | D:8      | Found a shimmering altar of Xom.
  7580 | D:8      | Found a shimmering altar of Xom.
  8046 | D:8      | Found a deep blue altar of Sif Muna.
  8326 | D:9      | Reached XP level 10. HP: 72/82 MP: 10/10
  8338 | D:9      | Reached **** piety under Makhleb
  8421 | D:9      | Reached skill level 5 in Armour
  8443 | D:9      | Found a staircase to the Lair.
  8558 | D:5      | Bought a shimmering broad axe for 225 gold pieces
  8558 | D:5      | Identified the +8 broad axe of Hoschedol {drain, MR+ Stlth+} (You bought it in a shop on level 5 of the Dungeon)
  8900 | D:9      | Reached ***** piety under Makhleb
  8900 | D:9      | Reached skill level 10 in Fighting
  9068 | D:9      | Found a bloodstained altar of Trog.
  9069 | D:9      | Found an iron altar of Okawaru.
  9352 | D:9      | Reached XP level 11. HP: 91/91 MP: 11/11
  9443 | Lair:1   | Entered Level 1 of the Lair of Beasts
  9512 | Lair:1   | Noticed et2088's ghost (journeyman DECj)
  9531 | Lair:1   | Killed et2088's ghost
  9660 | Lair:1   | Reached skill level 10 in Axes
 10542 | Lair:2   | Noticed a griffon
 10555 | Lair:2   | Killed a griffon
 10555 | Lair:2   | Reached XP level 12. HP: 96/102 MP: 12/12
 10689 | Lair:2   | Reached skill level 10 in Armour
 10704 | Lair:2   | Reached ****** piety under Makhleb
 10726 | Lair:2   | Noticed Nergalle
 10779 | Lair:2   | Killed Nergalle
 11004 | Lair:2   | Noticed jesusflecha's ghost (journeyman HOFi)
 11042 | Lair:2   | Killed jesusflecha's ghost
 11580 | Lair:3   | Identified a scroll of acquirement
 11581 | Lair:3   | Got a pitted broad axe
 11585 | Lair:3   | Identified the +9 broad axe of the Depths {chop, rC+ MP+9 Int+6} (You acquired it on level 3 of the Lair of Beasts)
 11633 | Lair:3   | Found a staircase to the Swamp.
 11731 | Lair:3   | Reached XP level 13. HP: 111/111 MP: 13/13
 11747 | Lair:3   | Noticed a seven-headed hydra
 11765 | Lair:3   | Killed a 17-headed hydra
 12062 | Lair:3   | Noticed Gastronok
 12079 | Lair:3   | Killed Gastronok
 12391 | Lair:3   | Found a basalt altar of Yredelemnul.
 12589 | Lair:4   | Noticed Maud
 12603 | Lair:4   | Killed Maud
 12837 | Lair:4   | Found a snail-covered altar of Cheibriados.
 13298 | Lair:5   | Noticed a seven-headed hydra
 13311 | Lair:5   | Found a labyrinth entrance.
 13315 | Lab      | Entered a labyrinth
 13623 | Lab      | Noticed a minotaur
 13631 | Lab      | Killed a minotaur
 13808 | Lab      | Identified the Reference Book on Destructive Dark Rituals
 14158 | Lair:4   | Got an ichor-stained quarterstaff
 14159 | Lair:4   | Identified the +5 quarterstaff "Boiva" {crush, rC+ Stlth+} (You found it on level 4 of the Lair of Beasts)
 14223 | Lair:5   | Reached XP level 14. HP: 121/121 MP: 14/14
 14233 | Lair:5   | Identified Ecilemm's Papyrus of Enthralling Intoxication
 15087 | Lair:6   | Found a viscous altar of Jiyva.
 15087 | Lair:6   | Found a staircase to the Slime Pits.
 15388 | Lair:6   | Found a staircase to the Snake Pit.
 15409 | Lair:6   | Got a faintly humming chain mail
 15420 | Lair:6   | Identified the +6 chain mail "Xikh" {*Drain Str+2 Int+6 Stlth+} (You found it on level 6 of the Lair of Beasts)
 15531 | Lair:6   | Gained mutation: Your system is resistant to poisons. [potion of beneficial mutation]
 15538 | Lair:6   | Identified a +0 rod of shadows (11/11) (You found it on level 5 of the Lair of Beasts)
 16740 | D:10     | Entered Level 10 of the Dungeon
 17108 | D:5      | Bought a crystal mace for 200 gold pieces
 17108 | D:5      | Identified the +6 mace "Ytozemiv" {crush, rC+} (You bought it in a shop on level 5 of the Dungeon)
 17255 | D:10     | Gained mutation: You have a somewhat thin skeletal structure (Dex +2, Stealth). [potion of beneficial mutation]
 17305 | D:10     | Reached skill level 1 in Maces & Flails
 17358 | D:10     | Reached skill level 15 in Fighting
 17978 | D:11     | Found an ancient bone altar of Kikubaaqudgha.
 18288 | D:11     | Found a roughly hewn altar of Beogh.
 18288 | D:11     | Found a staircase to the Orcish Mines.
 18776 | Lair:7   | Reached skill level 1 in Invocations
 18818 | Lair:6   | Got a jewelled mace
 18819 | Lair:6   | Identified the +5 mace "Jonn" {drain, *Noise +Inv MP+9} (You found it on level 6 of the Lair of Beasts)
 19421 | Lair:8   | Entered Level 8 of the Lair of Beasts
 19652 | Lair:8   | Reached XP level 15. HP: 128/128 MP: 17/17
 19657 | Lair:8   | Reached skill level 1 in Evocations
 20300 | Lair:8   | Reached skill level 5 in Evocations
 20312 | Lair:8   | Reached skill level 15 in Axes
 20587 | Lair:8   | Found a runed door.
 20633 | Lair:8   | Got a sheer robe
 20634 | Lair:8   | Identified the +3 robe "Zueluemp" {+Blink} (You found it on level 8 of the Lair of Beasts)
 21089 | Orc:1    | Entered Level 1 of the Orcish Mines
 21511 | Orc:2    | Entered Level 2 of the Orcish Mines
 21511 | Orc:2    | Found a roughly hewn altar of Beogh.
 21512 | Orc:2    | Found a staircase to the Elven Halls.
 21610 | Orc:1    | Found a roughly hewn altar of Beogh.
 21727 | Orc:1    | Reached XP level 16. HP: 52/139 MP: 19/21
 22547 | Orc:2    | Found Sayp's General Store.
 22547 | Orc:2    | Found Xunwud's Food Emporium.
 22553 | Orc:2    | Found Eraleiq's Book Shoppe.
 22555 | Orc:2    | Found Qelaumat's Food Boutique.
 22902 | Swamp:1  | Entered Level 1 of the Swamp
 23534 | Swamp:2  | Noticed Donald
 23611 | Swamp:1  | Killed Donald
 23684 | Swamp:2  | Noticed Kirke
 23694 | Swamp:2  | Killed Kirke
 24782 | Swamp:2  | HP: 2/141 [alligator (14)]
 26150 | Snake:1  | Entered Level 1 of the Snake Pit
 26362 | Snake:1  | Noticed Nikola
 26375 | Snake:1  | Killed Nikola
 26375 | Snake:1  | Reached XP level 17. HP: 121/149 MP: 13/22
 26557 | Snake:1  | Noticed Agnes
 26584 | Snake:1  | Killed Agnes
 26584 | Snake:1  | Reached skill level 5 in Invocations
 27334 | Snake:2  | Found Eleru's Magic Scroll Boutique.
 27362 | Snake:2  | Bought a scroll of brand weapon for 300 gold pieces
 27362 | Snake:2  | Bought a scroll of identify for 30 gold pieces
 27362 | Snake:2  | Bought a scroll of identify for 30 gold pieces
 27362 | Snake:2  | Bought a scroll of brand weapon for 300 gold pieces
 27365 | Snake:2  | Bought a scroll of identify for 30 gold pieces
 27365 | Snake:2  | Bought a scroll of fear for 52 gold pieces
 27618 | Snake:2  | Found Axzux's Antique Weapon Shop.
 27656 | Snake:2  | Reached skill level 15 in Armour
 27703 | Snake:2  | Found Burr's Gadget Shop.
 28090 | Snake:2  | Found Ykku's Antique Armour Shop.
 28112 | Snake:2  | Bought a faintly humming scale mail for 333 gold pieces
 28112 | Snake:2  | Bought a shiny chain mail for 166 gold pieces
 28112 | Snake:2  | Identified the +0 scale mail of the Scribe {rElec Int+4} (You bought it in a shop on level 2 of the Snake Pit)
 28216 | Snake:2  | Reached skill level 10 in Invocations
 28327 | Snake:2  | Reached XP level 18. HP: 119/156 MP: 25/25
 28756 | D:12     | Found a sparkling altar of Nemelex Xobeh.
 29650 | D:13     | Found a gate to the Vaults.
 30042 | D:14     | Reached skill level 1 in Dodging
 30768 | D:15     | Entered Level 15 of the Dungeon
 30769 | D:15     | Found a portal to a secret trove of treasure.
 30786 | D:15     | Found a staircase to the Depths.
 31618 | Swamp:4  | Entered Level 4 of the Swamp
 31654 | Swamp:3  | Killed from afar by a thorn hunter

Skill      XL: |  1  2  3  4  5  6  7  8  9 10 11 12 13 14 15 16 17 18 |
---------------+-------------------------------------------------------+-----
Shields        | 4 5 7 8 9 |  9.0
Axes           | 3 4 5 6 7 9 10 12 13 14 15 16 17 | 17.5
Fighting       | 4 5 6 7 8 10 11 13 14 15 16 17 | 17.7
Armour         | 4 7 9 11 12 13 14 15 | 15.6
Maces & Flails | 3 |  3.0
Invocations    | 3 10 12 | 12.3
Evocations     | 6 |  6.9
Dodging        | 2 |  2.8

Action                   |  1- 3 |  4- 6 |  7- 9 | 10-12 | 13-15 | 16-18 || total
-------------------------+-------+-------+-------+-------+-------+-------++-------
Melee: War axe           |    73 |   223 |    17 |       |       |       ||   313
       Broad axe         |       |       |   217 |   474 |   944 |  1148 ||  2783
       Quarterstaff      |       |       |       |       |    18 |       ||    18
       Mace              |       |       |       |       |    33 |    57 ||    90
       Dire flail        |       |       |       |       |       |    23 ||    23
Invok: Lesser Servant of |       |       |       |       |       |     2 ||     2
 Abil: Dig               |       |       |       |       |     1 |     1 ||     2
  Use: Potion            |     1 |       |     2 |     1 |     4 |     4 ||    12
       Scroll            |       |     4 |    13 |     6 |    14 |    11 ||    48
 Stab: Distracted        |       |       |       |       |     1 |       ||     1
  Eat: Chunk             |       |     8 |     9 |     7 |    25 |    18 ||    67
       Meat ration       |       |     1 |       |     1 |     2 |     3 ||     7
       Royal jelly       |       |       |     1 |       |       |       ||     1
       Bread ration      |       |       |       |       |     1 |       ||     1
       Fruit             |       |       |       |       |       |     1 ||     1
       Pizza             |       |       |       |       |       |     1 ||     1
Armor: Scale mail        |    30 |    61 |    93 |    43 |       |       ||   227
       Plate armour      |       |       |       |   220 |   224 |   204 ||   648
       Chain mail        |       |       |       |       |   347 |   471 ||   818
Dodge: Dodged            |    29 |    81 |    76 |   122 |   298 |   447 ||  1053
Block: Shield            |    40 |   132 |   160 |   278 |   646 |   778 ||  2034
